[ AOE2 MATCH · #458040744 ]
Team RMBohemians vs Malians
[ REPLAY ANALYSIS · EXTRACTED FROM THE RECORDED GAME ]
Feudal
11:00
Castle
18:54
Imperial
26:20
| APM avg | 29.3 |
| APM peak | 84 |
| eAPM avg | 15.0 |
| Villagers / military | 128 / 289 |
Focus
⚔️ 33.0% · 🌾 67.0%
Spearman ×162 · Hand Cannoneer ×48 · Skirmisher ×40 · Militia ×14 · Bombard Cannon ×10 · Hussite Wagon ×6
Feudal
11:48
Castle
15:43
Imperial
30:30
| APM avg | 45.6 |
| APM peak | 100 |
| eAPM avg | 22.4 |
| Villagers / military | 163 / 169 |
Focus
⚔️ 26.7% · 🌾 73.3%
Mangudai ×122 · Battering Ram ×34 · Scout Cavalry ×10 · Monk ×3 · Trade Cart ×1
Feudal
11:06
Castle
16:14
Imperial
30:48
| APM avg | 25.7 |
| APM peak | 68 |
| eAPM avg | 12.9 |
| Villagers / military | 139 / 192 |
Focus
⚔️ 19.6% · 🌾 80.4%
Scorpion ×185 · Trade Cart ×37 · Fishing Ship ×9 · Demolition Raft ×3 · Ballista Elephant ×2 · Trebuchet (Packed) ×2
Feudal
13:18
Castle
19:19
Imperial
32:47
| APM avg | 27.5 |
| APM peak | 59 |
| eAPM avg | 18.5 |
| Villagers / military | 119 / 341 |
Focus
⚔️ 26.2% · 🌾 73.8%
Knight ×252 · Scout Cavalry ×82 · Fishing Ship ×26 · Trade Cart ×22 · Bombard Cannon ×6 · Fire Galley ×1
Feudal
12:57
Castle
16:38
Imperial
30:43
| APM avg | 22.0 |
| APM peak | 46 |
| eAPM avg | 16.8 |
| Villagers / military | 125 / 258 |
Focus
⚔️ 34.9% · 🌾 65.1%
Spearman ×206 · Fishing Ship ×22 · Shotel Warrior ×22 · Bombard Cannon ×18 · Trade Cart ×15 · Mangonel ×6
Feudal
14:08
Castle
18:59
Imperial
32:08
| APM avg | 30.1 |
| APM peak | 64 |
| eAPM avg | 19.3 |
| Villagers / military | 141 / 131 |
Focus
⚔️ 15.2% · 🌾 84.8%
Militia ×44 · Warrior Priest ×36 · Composite Bowman ×27 · Skirmisher ×10 · Unknown (1105) ×6 · Archer ×5
Feudal
13:40
Castle
18:30
Imperial
25:31
| APM avg | 27.1 |
| APM peak | 74 |
| eAPM avg | 15.7 |
| Villagers / military | 83 / 17 |
Focus
⚔️ 14.0% · 🌾 86.0%
Bombard Cannon ×17 · Fishing Ship ×13
Feudal
10:12
Castle
14:52
Imperial
29:20
| APM avg | 49.5 |
| APM peak | 147 |
| eAPM avg | 22.1 |
| Villagers / military | 131 / 263 |
Focus
⚔️ 26.5% · 🌾 73.5%
Cavalry Archer ×94 · Knight ×79 · Magyar Huszar ×50 · Scorpion ×17 · Scout Cavalry ×15 · Trade Cart ×12
Match map
Resources at game start + every placement click. Thick line = wall · dashed box = detected house wall. 🟡 gold · ⚪ stone · 🟢 berries · 🔶 boar · ⭕ relic
Inputs per minute
— [MK] Giezzy La Grande - - Mceffe
Build order — [MK] Giezzy La Grande
First 150 of 385 actions detected
| 0:03 | Create | Villager (Male) ×4 |
| 0:05 | Build | House |
| 0:09 | Build | House |
| 1:27 | Create | Villager (Male) |
| 2:07 | Create | Villager (Male) |
| 2:07 | Create | Villager (Male) |
| 2:24 | Create | Villager (Male) |
| 2:46 | Create | Villager (Male) |
| 2:46 | Create | Villager (Male) |
| 3:16 | Create | Villager (Male) |
| 3:17 | Create | Villager (Male) |
| 3:17 | Create | Villager (Male) |
| 3:56 | Create | Villager (Male) |
| 4:02 | Build | House |
| 4:12 | Build | Dock |
| 4:16 | Create | Villager (Male) |
| 4:17 | Create | Villager (Male) |
| 4:17 | Create | Villager (Male) |
| 4:35 | Create | Villager (Male) |
| 5:11 | Create | Villager (Male) |
| 5:11 | Create | Villager (Male) |
| 5:31 | Create | Villager (Male) |
| 5:53 | Create | Villager (Male) |
| 6:27 | Build | Lumber Camp |
| 6:47 | Build | House |
| 6:57 | Research | Loom |
| 6:59 | Create | Villager (Male) |
| 7:20 | Create | Villager (Male) |
| 7:23 | Build | House |
| 7:35 | Build | Mill |
| 8:50 | Research | Feudal Age |
| 8:51 | Create | Villager (Male) |
| 8:51 | Create | Villager (Male) |
| 9:54 | Create | Villager (Male) |
| 10:03 | Build | Mining Camp |
| 11:00 | Age | Feudal Age |
| 11:11 | Research | Horse Collar |
| 11:14 | Research | Double-Bit Axe |
| 11:26 | Build | House |
| 11:47 | Build | Farm |
| 11:55 | Create | Villager (Male) |
| 12:17 | Create | Villager (Male) |
| 12:42 | Create | Villager (Male) |
| 13:12 | Build | Blacksmith |
| 13:22 | Build | Market |
| 13:34 | Create | Villager (Male) |
| 13:35 | Create | Villager (Male) |
| 13:35 | Create | Villager (Male) |
| 13:51 | Create | Villager (Male) |
| 14:06 | Build | Farm |
| 14:07 | Build | Farm |
| 14:10 | Build | Farm |
| 14:11 | Build | Farm |
| 14:12 | Build | Farm |
| 14:28 | Build | Farm |
| 14:36 | Build | Farm |
| 14:37 | Build | Farm |
| 14:37 | Build | Farm |
| 14:38 | Build | Farm |
| 14:39 | Build | Farm |
| 14:39 | Build | Farm |
| 14:40 | Build | Farm |
| 14:44 | Build | Farm |
| 14:45 | Build | Farm |
| 14:55 | Create | Villager (Male) |
| 15:08 | Build | House |
| 15:30 | Build | Farm |
| 15:47 | Research | Town Watch |
| 16:14 | Research | Castle Age |
| 16:42 | Build | Lumber Camp |
| 17:34 | Build | Barracks |
| 18:51 | Create | Villager (Male) |
| 18:54 | Age | Castle Age |
| 19:08 | Build | Town Center |
| 19:16 | Create | Villager (Male) |
| 19:16 | Create | Villager (Male) |
| 19:27 | Research | Bow Saw |
| 19:46 | Build | Siege Workshop |
| 19:52 | Create | Villager (Male) |
| 19:52 | Create | Villager (Male) |
| 20:11 | Create | Villager (Male) |
| 20:11 | Create | Villager (Male) |
| 20:15 | Build | House |
| 20:18 | Build | House |
| 20:31 | Research | Heavy Plow |
| 20:38 | Create | Villager (Male) |
| 20:38 | Create | Villager (Male) |
| 20:57 | Build | Monastery |
| 21:03 | Create | Villager (Male) |
| 21:03 | Create | Villager (Male) |
| 21:07 | Build | Farm |
| 21:25 | Create | Villager (Male) |
| 21:25 | Create | Villager (Male) |
| 21:39 | Build | House |
| 21:41 | Build | House |
| 21:53 | Create | Villager (Male) |
| 22:00 | Build | Farm |
| 22:06 | Build | Farm |
| 22:08 | Create | Villager (Male) |
| 22:12 | Build | Farm |
| 22:18 | Build | Farm |
| 22:30 | Create | Villager (Male) |
| 22:37 | Build | Farm |
| 22:46 | Build | Mining Camp |
| 22:54 | Create | Villager (Male) |
| 23:00 | Build | Farm |
| 23:10 | Research | Imperial Age |
| 23:18 | Create | Monk |
| 23:23 | Build | House |
| 23:33 | Build | Outpost |
| 23:52 | Build | Town Center |
| 23:56 | Research | Wheelbarrow |
| 24:03 | Research | Padded Archer Armor |
| 24:13 | Build | University |
| 24:18 | Create | Villager (Male) |
| 24:19 | Create | Villager (Male) |
| 24:40 | Build | House |
| 24:42 | Build | House |
| 24:48 | Build | Lumber Camp |
| 24:56 | Create | Villager (Male) |
| 25:17 | Create | Villager (Male) |
| 25:17 | Create | Villager (Male) |
| 25:37 | Build | Town Center |
| 25:49 | Create | Monk |
| 25:54 | Create | Mangonel |
| 26:00 | Create | Villager (Male) |
| 26:01 | Create | Villager (Male) |
| 26:15 | Build | Mining Camp |
| 26:20 | Age | Imperial Age |
| 26:23 | Create | Villager (Male) |
| 26:23 | Create | Villager (Male) |
| 26:23 | Create | Villager (Male) |
| 26:38 | Research | Chemistry |
| 26:44 | Build | Farm |
| 26:48 | Build | Farm |
| 26:53 | Build | Farm |
| 26:53 | Build | Farm |
| 27:00 | Create | Villager (Male) |
| 27:01 | Create | Villager (Male) |
| 27:23 | Build | Archery Range |
| 27:38 | Build | Farm |
| 28:02 | Create | Bombard Cannon |
| 28:03 | Create | Bombard Cannon |
| 28:05 | Create | Villager (Male) |
| 28:05 | Create | Villager (Male) |
| 28:05 | Create | Villager (Male) |
| 28:06 | Create | Villager (Male) |
| 28:06 | Create | Villager (Male) |
| 28:14 | Build | Archery Range |
| 28:21 | Create | Villager (Male) |
Build order — Mceffe
First 150 of 369 actions detected
| 0:01 | Create | Villager (Male) ×4 |
| 0:02 | Build | House |
| 0:04 | Build | House |
| 1:32 | Create | Villager (Male) |
| 2:04 | Create | Villager (Male) |
| 2:04 | Create | Villager (Male) |
| 2:09 | Build | Lumber Camp |
| 2:26 | Create | Villager (Male) |
| 2:48 | Create | Villager (Male) |
| 2:48 | Create | Villager (Male) |
| 3:22 | Create | Villager (Male) |
| 3:23 | Create | Villager (Male) |
| 3:23 | Create | Villager (Male) |
| 3:46 | Create | Villager (Male) |
| 3:47 | Create | Villager (Male) |
| 3:59 | Build | House |
| 4:32 | Build | House |
| 4:48 | Build | Mill |
| 5:15 | Create | Villager (Male) |
| 5:16 | Create | Villager (Male) |
| 5:59 | Create | Villager (Male) |
| 6:32 | Build | Farm |
| 6:36 | Create | Villager (Male) |
| 6:54 | Create | Villager (Male) |
| 7:09 | Build | Farm |
| 7:18 | Create | Villager (Male) |
| 7:41 | Create | Villager (Male) |
| 8:02 | Build | House |
| 8:07 | Create | Villager (Male) |
| 8:14 | Build | Farm |
| 8:25 | Create | Villager (Male) |
| 8:34 | Build | Mining Camp |
| 8:41 | Create | Villager (Male) |
| 9:01 | Build | Lumber Camp |
| 9:08 | Research | Feudal Age |
| 10:54 | Create | Villager (Male) |
| 10:55 | Create | Villager (Male) |
| 11:48 | Age | Feudal Age |
| 11:49 | Build | Market |
| 11:56 | Build | Blacksmith |
| 12:23 | Create | Villager (Male) |
| 12:27 | Research | Double-Bit Axe |
| 12:46 | Research | Castle Age |
| 12:48 | Research | Horse Collar |
| 15:43 | Age | Castle Age |
| 15:46 | Build | Town Center |
| 15:46 | Create | Villager (Male) |
| 15:47 | Create | Villager (Male) |
| 15:50 | Build | Town Center |
| 16:06 | Research | Bow Saw |
| 16:07 | Research | Heavy Plow |
| 16:09 | Create | Villager (Male) |
| 16:14 | Build | House |
| 16:23 | Build | Farm |
| 16:36 | Build | Monastery |
| 17:00 | Create | Villager (Male) |
| 17:01 | Create | Villager (Male) |
| 17:03 | Create | Monk |
| 17:04 | Create | Monk |
| 17:05 | Create | Villager (Male) |
| 17:05 | Create | Villager (Male) |
| 17:12 | Build | Farm |
| 17:14 | Build | Farm |
| 17:15 | Create | Villager (Male) |
| 17:30 | Build | Farm |
| 17:49 | Create | Villager (Male) |
| 17:49 | Create | Villager (Male) |
| 17:49 | Create | Villager (Male) |
| 17:56 | Build | Farm |
| 18:00 | Build | Farm |
| 18:27 | Create | Villager (Male) |
| 18:28 | Create | Villager (Male) |
| 18:30 | Build | Farm |
| 18:32 | Build | Farm |
| 18:33 | Build | Farm |
| 18:37 | Create | Villager (Male) |
| 18:37 | Create | Villager (Male) |
| 18:45 | Create | Villager (Male) |
| 19:04 | Create | Villager (Male) |
| 19:08 | Build | House |
| 19:08 | Build | House |
| 19:09 | Build | House |
| 19:09 | Build | House |
| 19:09 | Build | House |
| 19:14 | Build | House |
| 19:19 | Create | Villager (Male) |
| 19:19 | Create | Villager (Male) |
| 19:21 | Create | Villager (Male) |
| 19:21 | Create | Villager (Male) |
| 19:24 | Build | House |
| 19:48 | Create | Villager (Male) |
| 19:49 | Create | Villager (Male) |
| 19:51 | Create | Villager (Male) |
| 20:02 | Build | Mill |
| 20:02 | Build | Farm |
| 20:03 | Build | Farm |
| 20:11 | Build | Farm |
| 20:13 | Create | Villager (Male) |
| 20:13 | Create | Villager (Male) |
| 20:22 | Build | Farm |
| 20:22 | Build | Farm |
| 20:25 | Create | Villager (Male) |
| 20:27 | Create | Villager (Male) |
| 20:27 | Create | Villager (Male) |
| 20:28 | Build | Farm |
| 20:31 | Build | Farm |
| 20:43 | Create | Villager (Male) |
| 20:43 | Create | Villager (Male) |
| 20:51 | Build | Farm |
| 20:55 | Build | Farm |
| 20:58 | Build | Farm |
| 21:04 | Create | Villager (Male) |
| 21:04 | Create | Villager (Male) |
| 21:04 | Create | Villager (Male) |
| 21:06 | Build | Farm |
| 21:18 | Create | Villager (Male) |
| 21:23 | Create | Villager (Male) |
| 21:27 | Create | Villager (Male) |
| 21:28 | Create | Villager (Male) |
| 21:33 | Build | House |
| 21:34 | Build | House |
| 21:45 | Build | Town Center |
| 21:47 | Create | Villager (Male) |
| 21:47 | Create | Villager (Male) |
| 21:47 | Create | Villager (Male) |
| 21:48 | Create | Villager (Male) |
| 21:55 | Create | Villager (Male) |
| 22:03 | Create | Monk |
| 22:06 | Create | Villager (Male) |
| 22:11 | Build | Farm |
| 22:11 | Build | Farm |
| 22:18 | Build | Farm |
| 22:19 | Build | Farm |
| 22:19 | Build | Farm |
| 22:23 | Create | Villager (Male) |
| 22:26 | Build | House |
| 22:27 | Build | House |
| 22:27 | Build | House |
| 22:27 | Build | House |
| 22:27 | Build | House |
| 22:27 | Build | House |
| 22:29 | Create | Villager (Male) |
| 22:33 | Create | Villager (Male) |
| 22:37 | Research | Wheelbarrow |
| 23:31 | Create | Villager (Male) |
| 23:31 | Create | Villager (Male) |
| 23:34 | Create | Villager (Male) |
| 23:40 | Build | Farm |
| 23:41 | Build | Farm |
| 23:41 | Build | Farm |
Build order — cobanizer
First 150 of 286 actions detected
| 0:01 | Create | Villager (Male) |
| 0:01 | Create | Villager (Male) |
| 0:02 | Create | Villager (Male) |
| 0:02 | Create | Villager (Male) |
| 0:02 | Create | Villager (Male) |
| 0:03 | Build | House |
| 0:05 | Build | House |
| 1:34 | Create | Villager (Male) |
| 1:35 | Create | Villager (Male) |
| 1:50 | Create | Villager (Male) |
| 1:51 | Create | Villager (Male) |
| 2:45 | Create | Villager (Male) |
| 3:07 | Create | Villager (Male) |
| 3:07 | Create | Villager (Male) |
| 3:08 | Create | Villager (Male) |
| 3:35 | Create | Villager (Male) |
| 3:35 | Create | Villager (Male) |
| 3:42 | Build | House |
| 3:45 | Build | House |
| 3:59 | Create | Villager (Male) ×2 |
| 4:13 | Build | Lumber Camp |
| 4:17 | Create | Villager (Male) |
| 4:17 | Create | Villager (Male) |
| 4:17 | Create | Villager (Male) |
| 5:00 | Create | Villager (Male) |
| 5:01 | Create | Villager (Male) |
| 5:01 | Create | Villager (Male) |
| 5:11 | Create | Villager (Male) |
| 5:12 | Create | Villager (Male) |
| 5:12 | Create | Villager (Male) |
| 5:12 | Create | Villager (Male) |
| 5:35 | Create | Villager (Male) |
| 6:06 | Research | Loom |
| 6:06 | Create | Villager (Male) |
| 6:07 | Create | Villager (Male) |
| 6:07 | Create | Villager (Male) |
| 7:06 | Build | Dock |
| 7:21 | Build | Mill |
| 8:06 | Create | Villager (Male) |
| 8:06 | Create | Villager (Male) |
| 8:11 | Create | Fishing Ship |
| 8:50 | Research | Feudal Age |
| 8:53 | Create | Fishing Ship |
| 9:15 | Build | House |
| 9:35 | Create | Villager (Male) |
| 9:36 | Create | Villager (Male) |
| 9:38 | Create | Fishing Ship |
| 10:03 | Create | Fishing Ship |
| 10:18 | Build | House |
| 10:47 | Create | Fishing Ship |
| 10:48 | Create | Fishing Ship |
| 11:06 | Age | Feudal Age |
| 11:26 | Build | Mining Camp |
| 12:08 | Research | Double-Bit Axe |
| 12:42 | Create | Villager (Male) |
| 12:42 | Create | Villager (Male) |
| 13:34 | Research | Castle Age |
| 13:51 | Build | Fish Trap |
| 13:57 | Build | Fish Trap |
| 14:01 | Build | Fish Trap |
| 14:05 | Build | Fish Trap |
| 14:15 | Build | Fish Trap |
| 14:24 | Build | House |
| 14:26 | Build | House |
| 14:35 | Create | Villager (Male) |
| 14:37 | Create | Villager (Male) |
| 14:59 | Build | Fish Trap |
| 15:04 | Build | House |
| 16:14 | Age | Castle Age |
| 16:17 | Build | Town Center |
| 16:20 | Create | Villager (Male) |
| 16:20 | Create | Villager (Male) |
| 16:21 | Research | Wheelbarrow |
| 16:29 | Research | Bow Saw |
| 17:14 | Build | Town Center |
| 17:16 | Create | Villager (Male) |
| 17:17 | Create | Villager (Male) |
| 17:17 | Create | Villager (Male) |
| 17:35 | Build | Mining Camp |
| 17:37 | Create | Villager (Male) |
| 17:38 | Create | Villager (Male) |
| 17:57 | Build | Farm |
| 18:03 | Build | Farm |
| 18:04 | Build | Farm |
| 18:18 | Research | Tech 906 |
| 18:19 | Create | Villager (Male) ×5 |
| 18:35 | Build | House |
| 18:36 | Build | House |
| 18:38 | Build | House |
| 18:39 | Build | House |
| 18:47 | Create | Villager (Male) |
| 18:47 | Create | Villager (Male) |
| 18:56 | Build | Market |
| 18:59 | Create | Demolition Raft |
| 19:00 | Create | Demolition Raft |
| 19:07 | Create | Fishing Ship |
| 19:07 | Create | Fishing Ship |
| 19:07 | Create | Fishing Ship |
| 19:11 | Create | Villager (Male) |
| 19:30 | Research | Stone Mining |
| 19:51 | Build | Town Center |
| 19:54 | Create | Villager (Male) |
| 19:54 | Create | Villager (Male) |
| 20:04 | Build | Farm |
| 20:06 | Build | Farm |
| 20:07 | Build | Farm |
| 20:09 | Build | Farm |
| 20:11 | Build | Farm |
| 20:12 | Build | Farm |
| 20:17 | Create | Villager (Male) ×3 |
| 20:23 | Build | Farm |
| 20:24 | Build | Farm |
| 20:26 | Build | Farm |
| 20:53 | Build | Market |
| 20:56 | Build | Market |
| 20:58 | Create | Villager (Male) ×2 |
| 21:05 | Build | Fish Trap |
| 21:07 | Build | Fish Trap |
| 21:10 | Create | Demolition Raft |
| 21:12 | Create | Villager (Male) ×3 |
| 21:28 | Create | Villager (Male) |
| 21:38 | Build | Farm |
| 21:40 | Build | Farm |
| 21:41 | Build | Farm |
| 21:44 | Build | Farm |
| 21:45 | Build | Farm |
| 21:48 | Create | Villager (Male) ×2 |
| 21:53 | Build | Farm |
| 21:54 | Build | Farm |
| 21:55 | Build | Farm |
| 21:59 | Research | Horse Collar |
| 22:00 | Create | Villager (Male) |
| 22:15 | Research | Gillnets |
| 22:24 | Build | House |
| 22:24 | Build | House |
| 22:24 | Build | House |
| 22:25 | Build | House |
| 22:25 | Build | House |
| 22:25 | Build | House |
| 22:25 | Build | House |
| 22:27 | Build | House |
| 22:27 | Build | House |
| 22:27 | Build | House |
| 22:28 | Build | House |
| 22:34 | Create | Villager (Male) ×2 |
| 22:43 | Build | Mining Camp |
| 22:52 | Create | Villager (Male) ×2 |
| 23:15 | Research | Caravan |
| 23:27 | Create | Villager (Male) ×5 |
| 23:39 | Research | Gold Mining |
Build order — drejac
First 150 of 431 actions detected
| 0:00 | Create | Villager (Male) |
| 0:00 | Create | Villager (Male) |
| 0:02 | Build | House |
| 0:04 | Build | House |
| 0:16 | Create | Villager (Male) |
| 0:16 | Create | Villager (Male) |
| 1:34 | Create | Villager (Male) |
| 1:48 | Build | Palisade Wall |
| 1:50 | Build | Palisade Wall |
| 2:36 | Create | Villager (Male) |
| 2:36 | Create | Villager (Male) |
| 2:50 | Build | Lumber Camp |
| 2:53 | Create | Villager (Male) |
| 3:13 | Build | Palisade Wall |
| 3:16 | Create | Villager (Male) |
| 3:48 | Create | Villager (Male) |
| 3:48 | Create | Villager (Male) |
| 4:22 | Build | Mill |
| 4:28 | Create | Villager (Male) |
| 4:43 | Create | Villager (Male) |
| 5:23 | Create | Villager (Male) |
| 5:36 | Build | House |
| 5:47 | Create | Villager (Male) |
| 6:04 | Create | Villager (Male) |
| 6:44 | Create | Villager (Male) |
| 6:52 | Create | Villager (Male) |
| 7:20 | Build | Dock |
| 7:36 | Create | Villager (Male) |
| 7:37 | Create | Villager (Male) |
| 7:37 | Create | Villager (Male) |
| 7:42 | Create | Villager (Male) |
| 7:42 | Create | Villager (Male) |
| 7:44 | Build | House |
| 8:30 | Build | Dock |
| 8:38 | Create | Villager (Male) |
| 8:38 | Create | Villager (Male) |
| 8:38 | Create | Villager (Male) |
| 8:47 | Build | Mining Camp |
| 9:00 | Create | Villager (Male) |
| 9:32 | Create | Villager (Male) |
| 9:50 | Build | House |
| 10:05 | Create | Fishing Ship |
| 10:05 | Create | Fishing Ship |
| 10:36 | Research | Feudal Age |
| 10:52 | Build | Mining Camp |
| 10:59 | Create | Fishing Ship |
| 11:21 | Create | Fishing Ship |
| 11:31 | Create | Fishing Ship |
| 11:32 | Create | Fishing Ship |
| 11:44 | Build | House |
| 11:54 | Create | Villager (Male) |
| 11:54 | Create | Villager (Male) |
| 12:12 | Build | House |
| 12:13 | Build | House |
| 12:14 | Build | House |
| 12:21 | Create | Villager (Male) |
| 12:21 | Create | Villager (Male) |
| 12:30 | Create | Villager (Male) |
| 12:39 | Create | Fishing Ship |
| 12:39 | Create | Fishing Ship |
| 13:18 | Age | Feudal Age |
| 13:19 | Create | Villager (Male) |
| 13:22 | Build | Blacksmith |
| 13:44 | Create | Villager (Male) |
| 13:58 | Build | Market |
| 14:16 | Build | House |
| 14:17 | Build | House |
| 14:40 | Build | House |
| 14:43 | Create | Villager (Male) |
| 15:16 | Create | Villager (Male) |
| 15:50 | Create | Villager (Male) |
| 15:51 | Create | Villager (Male) |
| 16:34 | Research | Castle Age |
| 16:34 | Research | Castle Age |
| 16:39 | Create | Fishing Ship |
| 16:39 | Create | Fishing Ship |
| 16:48 | Build | Fish Trap |
| 17:14 | Build | Fish Trap |
| 17:21 | Build | Fish Trap |
| 17:28 | Build | Fish Trap |
| 17:36 | Create | Villager (Male) |
| 17:36 | Create | Villager (Male) |
| 17:39 | Research | Double-Bit Axe |
| 17:50 | Build | Stone Wall |
| 17:59 | Build | House |
| 18:00 | Build | House |
| 18:03 | Build | House |
| 18:19 | Build | Fish Trap |
| 18:31 | Build | Fish Trap |
| 18:54 | Build | Lumber Camp |
| 19:19 | Age | Castle Age |
| 19:24 | Research | Bow Saw |
| 19:46 | Build | Stone Wall |
| 19:50 | Build | House |
| 19:51 | Build | House |
| 20:01 | Build | Fish Trap |
| 20:03 | Build | Fish Trap |
| 20:07 | Create | Fishing Ship |
| 20:07 | Create | Fishing Ship |
| 20:19 | Research | Horse Collar |
| 20:36 | Build | University |
| 20:47 | Build | House |
| 20:48 | Build | House |
| 20:56 | Build | Fish Trap |
| 21:01 | Create | Fire Galley |
| 21:11 | Create | Villager (Male) |
| 21:12 | Create | Villager (Male) |
| 21:12 | Create | Villager (Male) |
| 21:44 | Build | Town Center |
| 21:59 | Build | Town Center |
| 22:06 | Build | Town Center |
| 22:12 | Research | Wheelbarrow |
| 22:13 | Research | Town Watch |
| 22:22 | Create | Fishing Ship |
| 22:23 | Create | Fishing Ship |
| 22:23 | Create | Fishing Ship |
| 22:36 | Create | Villager (Male) |
| 22:37 | Create | Villager (Male) |
| 22:41 | Create | Villager (Male) |
| 22:41 | Create | Villager (Male) |
| 23:20 | Create | Villager (Male) |
| 23:20 | Create | Villager (Male) |
| 23:25 | Create | Villager (Male) |
| 23:25 | Create | Villager (Male) |
| 23:32 | Create | Villager (Male) |
| 23:32 | Create | Villager (Male) |
| 23:40 | Build | Fish Trap |
| 23:42 | Build | Fish Trap |
| 24:04 | Build | Fish Trap |
| 24:07 | Create | Villager (Male) |
| 24:07 | Create | Villager (Male) |
| 24:11 | Create | Fishing Ship |
| 24:12 | Create | Fishing Ship |
| 24:12 | Create | Fishing Ship |
| 24:12 | Create | Fishing Ship |
| 24:12 | Create | Fishing Ship |
| 24:12 | Create | Fishing Ship |
| 24:13 | Create | Fishing Ship |
| 24:13 | Create | Fishing Ship |
| 24:22 | Research | Heavy Plow |
| 24:24 | Research | Gold Mining |
| 24:24 | Research | Stone Mining |
| 24:41 | Research | Tech 906 |
| 24:49 | Create | Fishing Ship |
| 24:49 | Create | Fishing Ship |
| 24:49 | Create | Fishing Ship |
| 25:03 | Build | Castle |
| 25:09 | Create | Villager (Male) |
| 25:10 | Create | Villager (Male) |
| 25:10 | Create | Villager (Male) |
Build order — Foski
First 150 of 491 actions detected
| 0:02 | Create | Villager (Male) |
| 0:02 | Create | Villager (Male) |
| 0:03 | Create | Villager (Male) |
| 0:04 | Build | House |
| 0:05 | Build | House |
| 0:43 | Create | Villager (Male) |
| 1:41 | Create | Villager (Male) |
| 2:06 | Build | Lumber Camp |
| 2:12 | Create | Villager (Male) |
| 2:28 | Create | Villager (Male) |
| 2:57 | Create | Villager (Male) |
| 3:10 | Research | Loom |
| 3:13 | Create | Villager (Male) |
| 3:13 | Create | Villager (Male) |
| 3:37 | Create | Villager (Male) |
| 3:53 | Build | Palisade Wall |
| 4:39 | Create | Villager (Male) |
| 4:56 | Create | Villager (Male) |
| 4:56 | Create | Villager (Male) |
| 5:06 | Build | Dock |
| 5:12 | Build | House |
| 5:19 | Create | Villager (Male) |
| 5:41 | Build | Palisade Wall |
| 6:02 | Create | Fishing Ship |
| 6:05 | Create | Villager (Male) |
| 6:06 | Create | Villager (Male) |
| 6:50 | Create | Fishing Ship |
| 6:51 | Create | Villager (Male) |
| 7:00 | Build | House |
| 7:19 | Build | House |
| 7:29 | Build | Palisade Wall |
| 7:32 | Build | Palisade Wall |
| 7:34 | Create | Villager (Male) |
| 7:57 | Create | Fishing Ship |
| 8:09 | Create | Villager (Male) |
| 8:32 | Create | Villager (Male) |
| 8:48 | Build | Mill |
| 8:50 | Create | Villager (Male) |
| 8:52 | Create | Fishing Ship |
| 9:23 | Build | House |
| 9:32 | Create | Villager (Male) |
| 9:48 | Create | Villager (Male) |
| 9:51 | Create | Fishing Ship |
| 9:59 | Build | Mining Camp |
| 10:02 | Create | Villager (Male) |
| 10:46 | Research | Feudal Age |
| 12:07 | Create | Villager (Male) |
| 12:08 | Create | Villager (Male) |
| 12:57 | Age | Feudal Age |
| 12:59 | Build | Market |
| 13:03 | Build | Blacksmith |
| 13:13 | Research | Double-Bit Axe |
| 13:30 | Build | Lumber Camp |
| 13:58 | Research | Castle Age |
| 14:15 | Research | Horse Collar |
| 14:38 | Build | Fish Trap |
| 14:45 | Build | Fish Trap |
| 15:06 | Build | Fish Trap |
| 15:15 | Build | Fish Trap |
| 15:22 | Build | Fish Trap |
| 15:27 | Build | Fish Trap |
| 15:38 | Create | Demolition Raft |
| 15:40 | Create | Villager (Male) |
| 15:57 | Create | Demolition Raft |
| 16:00 | Create | Demolition Raft |
| 16:03 | Create | Fishing Ship |
| 16:36 | Create | Demolition Raft |
| 16:38 | Age | Castle Age |
| 16:44 | Build | Town Center |
| 16:51 | Build | Town Center |
| 16:54 | Research | Wheelbarrow |
| 17:01 | Build | House |
| 17:03 | Build | House |
| 17:04 | Build | House |
| 17:08 | Research | Bow Saw |
| 17:20 | Create | Fishing Ship |
| 17:24 | Build | Farm |
| 17:27 | Create | Villager (Male) |
| 17:49 | Create | Villager (Male) |
| 17:49 | Create | Villager (Male) |
| 17:59 | Create | Villager (Male) |
| 18:17 | Build | Dock |
| 18:20 | Create | Fishing Ship |
| 18:21 | Create | Fishing Ship |
| 18:23 | Create | Villager (Male) |
| 18:26 | Build | Fish Trap |
| 18:35 | Build | Farm |
| 18:36 | Build | Farm |
| 18:37 | Build | Farm |
| 18:39 | Create | Villager (Male) |
| 18:45 | Build | Farm |
| 18:47 | Build | Farm |
| 18:49 | Build | Farm |
| 18:57 | Create | Villager (Male) |
| 19:05 | Create | Villager (Male) |
| 19:31 | Build | Fish Trap |
| 19:32 | Create | Demolition Raft |
| 19:41 | Create | Fishing Ship |
| 19:42 | Create | Fishing Ship |
| 19:43 | Create | Fishing Ship |
| 19:43 | Create | Villager (Male) |
| 19:44 | Create | Villager (Male) |
| 19:44 | Create | Villager (Male) |
| 19:50 | Build | House |
| 19:51 | Build | House |
| 19:52 | Build | House |
| 19:55 | Build | Fish Trap |
| 19:59 | Create | Villager (Male) |
| 20:06 | Build | Farm |
| 20:09 | Create | Villager (Male) |
| 20:09 | Create | Villager (Male) |
| 20:14 | Create | Villager (Male) |
| 20:24 | Create | Fishing Ship |
| 20:24 | Create | Fishing Ship |
| 20:29 | Build | Fish Trap |
| 20:41 | Build | Fish Trap |
| 20:42 | Create | Villager (Male) |
| 20:43 | Create | Villager (Male) |
| 20:43 | Create | Villager (Male) |
| 20:43 | Create | Villager (Male) |
| 20:56 | Create | Villager (Male) |
| 21:02 | Create | Villager (Male) |
| 21:15 | Build | Town Center |
| 21:17 | Create | Villager (Male) |
| 21:25 | Build | Fish Trap |
| 21:32 | Build | Fish Trap |
| 21:33 | Create | Villager (Male) |
| 21:33 | Create | Villager (Male) |
| 21:34 | Create | Villager (Male) |
| 21:36 | Build | House |
| 21:37 | Build | House |
| 21:45 | Create | Villager (Male) |
| 21:52 | Build | Mining Camp |
| 21:54 | Research | Stone Mining |
| 21:58 | Create | Villager (Male) |
| 21:58 | Create | Villager (Male) |
| 22:02 | Build | Farm |
| 22:03 | Build | Farm |
| 22:03 | Build | Farm |
| 22:03 | Build | Farm |
| 22:11 | Build | Fish Trap |
| 22:14 | Create | Fishing Ship |
| 22:15 | Create | Villager (Male) |
| 22:16 | Create | Villager (Male) |
| 22:23 | Build | Farm |
| 22:24 | Build | Farm |
| 22:29 | Create | Villager (Male) |
| 22:30 | Create | Villager (Male) |
| 22:38 | Build | Lumber Camp |
| 22:41 | Build | Lumber Camp |
Build order — Ilon
First 150 of 383 actions detected
| 0:04 | Build | House |
| 0:05 | Build | House |
| 0:06 | Create | Villager (Male) |
| 0:06 | Create | Villager (Male) |
| 0:06 | Create | Villager (Male) |
| 0:07 | Create | Villager (Male) |
| 0:07 | Create | Villager (Male) |
| 1:36 | Build | Palisade Wall |
| 1:40 | Create | Villager (Male) |
| 2:05 | Build | Palisade Wall |
| 2:15 | Build | Mule Cart |
| 2:40 | Create | Villager (Male) |
| 2:40 | Create | Villager (Male) |
| 2:40 | Create | Villager (Male) |
| 3:20 | Create | Villager (Male) |
| 3:20 | Create | Villager (Male) |
| 4:03 | Create | Villager (Male) |
| 4:04 | Create | Villager (Male) |
| 4:04 | Create | Villager (Male) |
| 4:31 | Build | House |
| 4:38 | Create | Villager (Male) |
| 4:38 | Create | Villager (Male) |
| 5:14 | Create | Villager (Male) |
| 5:55 | Create | Villager (Male) |
| 5:55 | Create | Villager (Male) |
| 5:55 | Create | Villager (Male) |
| 6:24 | Build | Mill |
| 6:31 | Create | Villager (Male) |
| 6:31 | Create | Villager (Male) |
| 6:31 | Create | Villager (Male) |
| 7:10 | Create | Villager (Male) |
| 7:10 | Create | Villager (Male) |
| 7:11 | Create | Villager (Male) |
| 8:15 | Build | House |
| 8:20 | Create | Villager (Male) |
| 8:31 | Build | House |
| 8:50 | Create | Villager (Male) |
| 9:35 | Create | Villager (Male) |
| 9:35 | Create | Villager (Male) |
| 10:18 | Create | Villager (Male) |
| 10:18 | Create | Villager (Male) |
| 11:21 | Build | Mule Cart |
| 11:27 | Create | Villager (Male) |
| 11:27 | Create | Villager (Male) |
| 11:42 | Build | Farm |
| 11:43 | Build | Farm |
| 11:51 | Research | Feudal Age |
| 12:04 | Build | House |
| 12:11 | Build | House |
| 13:54 | Build | Farm |
| 13:57 | Build | Farm |
| 14:00 | Build | Farm |
| 14:01 | Build | Farm |
| 14:02 | Build | Farm |
| 14:04 | Build | Farm |
| 14:05 | Build | Farm |
| 14:06 | Build | Farm |
| 14:08 | Age | Feudal Age |
| 14:09 | Build | Farm |
| 14:10 | Build | Farm |
| 14:11 | Build | Farm |
| 14:19 | Build | Farm |
| 14:22 | Build | Farm |
| 14:29 | Create | Villager (Male) |
| 14:30 | Create | Villager (Male) |
| 14:55 | Build | Market |
| 15:10 | Research | Horse Collar |
| 15:18 | Create | Villager (Male) |
| 15:33 | Build | Blacksmith |
| 16:19 | Research | Castle Age |
| 16:19 | Research | Castle Age |
| 17:04 | Build | Stone Wall |
| 17:06 | Build | Stone Wall |
| 17:08 | Build | Stone Wall |
| 17:14 | Research | Double-Bit Axe |
| 17:22 | Research | Gold Mining |
| 17:48 | Build | House |
| 17:49 | Build | House |
| 17:50 | Build | House |
| 17:59 | Research | Stone Mining |
| 18:09 | Research | Wheelbarrow |
| 18:59 | Age | Castle Age |
| 19:07 | Build | Town Center |
| 19:27 | Research | Bow Saw |
| 19:31 | Research | Gold Shaft Mining |
| 19:46 | Create | Villager (Male) |
| 19:46 | Create | Villager (Male) |
| 19:46 | Create | Villager (Male) |
| 20:00 | Create | Villager (Male) |
| 20:00 | Create | Villager (Male) |
| 20:09 | Create | Villager (Male) |
| 20:19 | Create | Villager (Male) |
| 20:48 | Build | Town Center |
| 20:50 | Create | Villager (Male) |
| 20:56 | Create | Villager (Male) |
| 20:56 | Create | Villager (Male) |
| 20:57 | Create | Villager (Male) |
| 21:18 | Create | Villager (Male) |
| 21:28 | Research | Heavy Plow |
| 21:45 | Create | Villager (Male) |
| 21:50 | Build | Farm |
| 22:00 | Create | Villager (Male) |
| 22:03 | Create | Villager (Male) |
| 22:27 | Create | Villager (Male) |
| 22:30 | Create | Villager (Male) |
| 22:32 | Create | Villager (Male) |
| 22:58 | Research | Hand Cart |
| 23:09 | Create | Villager (Male) |
| 23:12 | Create | Villager (Male) |
| 23:29 | Create | Villager (Male) |
| 23:35 | Create | Villager (Male) |
| 23:35 | Create | Villager (Male) |
| 23:42 | Create | Villager (Male) |
| 23:50 | Create | Villager (Male) |
| 23:54 | Build | Farm |
| 24:01 | Create | Villager (Male) |
| 24:19 | Build | Farm |
| 24:24 | Create | Villager (Male) |
| 24:25 | Create | Villager (Male) |
| 24:28 | Create | Villager (Male) |
| 24:34 | Build | Farm |
| 24:41 | Build | Mule Cart |
| 24:47 | Create | Villager (Male) |
| 24:48 | Create | Villager (Male) |
| 24:49 | Create | Villager (Male) |
| 24:59 | Build | Farm |
| 25:05 | Build | Farm |
| 25:07 | Build | Farm |
| 25:13 | Build | Farm |
| 25:15 | Create | Villager (Male) |
| 25:22 | Build | House |
| 25:33 | Build | Monastery |
| 25:38 | Build | House |
| 25:42 | Create | Villager (Male) |
| 25:43 | Create | Villager (Male) |
| 25:45 | Create | Villager (Male) |
| 25:46 | Create | Villager (Male) |
| 25:51 | Create | Villager (Male) |
| 26:03 | Build | Castle |
| 26:14 | Create | Warrior Priest |
| 26:14 | Create | Warrior Priest |
| 26:45 | Create | Villager (Male) |
| 26:54 | Create | Villager (Male) |
| 26:57 | Create | Villager (Male) |
| 27:01 | Create | Villager (Male) |
| 27:02 | Create | Villager (Male) |
| 27:19 | Build | House |
| 27:20 | Build | House |
| 27:24 | Build | House |
| 27:31 | Build | Farm |
Build order — Pala
First 150 of 332 actions detected
| 0:01 | Create | Villager (Male) |
| 0:01 | Create | Villager (Male) |
| 0:02 | Create | Villager (Male) |
| 0:03 | Build | House |
| 0:04 | Build | House |
| 0:10 | Create | Villager (Male) |
| 0:15 | Research | Loom |
| 0:31 | Create | Villager (Male) |
| 0:40 | Create | Villager (Male) |
| 0:51 | Build | Palisade Wall |
| 0:56 | Build | Palisade Wall |
| 0:58 | Create | Villager (Male) |
| 1:36 | Build | Lumber Camp |
| 2:05 | Create | Villager (Male) |
| 2:05 | Create | Villager (Male) |
| 2:48 | Create | Villager (Male) |
| 2:48 | Create | Villager (Male) |
| 3:17 | Create | Villager (Male) |
| 3:45 | Create | Villager (Male) |
| 3:45 | Create | Villager (Male) |
| 3:53 | Build | House |
| 4:17 | Create | Villager (Male) |
| 4:17 | Create | Villager (Male) |
| 4:37 | Build | Dock |
| 4:42 | Create | Villager (Male) |
| 4:42 | Create | Villager (Male) |
| 5:11 | Create | Villager (Male) |
| 5:11 | Create | Villager (Male) |
| 5:40 | Create | Villager (Male) |
| 5:40 | Create | Villager (Male) |
| 5:48 | Build | House |
| 6:04 | Create | Villager (Male) |
| 6:09 | Create | Villager (Male) |
| 6:20 | Create | Fishing Ship |
| 6:37 | Create | Villager (Male) |
| 6:37 | Create | Villager (Male) |
| 6:47 | Create | Villager (Male) |
| 7:26 | Create | Fishing Ship |
| 7:31 | Create | Villager (Male) |
| 7:31 | Create | Villager (Male) |
| 7:31 | Create | Villager (Male) |
| 7:49 | Create | Fishing Ship |
| 7:56 | Build | House |
| 8:11 | Create | Villager (Male) |
| 8:54 | Create | Villager (Male) |
| 8:54 | Create | Villager (Male) |
| 9:02 | Create | Villager (Male) |
| 9:10 | Build | House |
| 9:14 | Create | Villager (Male) |
| 9:18 | Create | Villager (Male) |
| 9:46 | Create | Villager (Male) |
| 9:55 | Create | Fishing Ship |
| 9:55 | Create | Fishing Ship |
| 9:55 | Create | Fishing Ship |
| 10:31 | Create | Villager (Male) |
| 10:36 | Build | Mill |
| 11:24 | Build | Mining Camp |
| 11:29 | Research | Feudal Age |
| 11:29 | Research | Feudal Age |
| 12:13 | Build | House |
| 12:13 | Build | House |
| 12:16 | Create | Villager (Male) |
| 13:39 | Create | Villager (Male) |
| 13:40 | Age | Feudal Age |
| 13:43 | Build | Stone Wall |
| 13:45 | Build | Stone Wall |
| 13:46 | Build | Stone Wall |
| 13:46 | Build | Stone Wall |
| 13:50 | Build | Stone Wall |
| 13:56 | Create | Villager (Male) |
| 14:01 | Build | Market |
| 14:05 | Build | Blacksmith |
| 14:15 | Build | Fish Trap |
| 14:26 | Build | Fish Trap |
| 14:33 | Build | Fish Trap |
| 14:35 | Build | Fish Trap |
| 14:53 | Build | Lumber Camp |
| 14:58 | Create | Villager (Male) |
| 15:04 | Build | Fish Trap |
| 15:24 | Create | Villager (Male) |
| 15:51 | Research | Castle Age |
| 16:02 | Create | Fishing Ship |
| 16:38 | Research | Double-Bit Axe |
| 16:38 | Research | Double-Bit Axe |
| 16:49 | Build | Fish Trap |
| 16:51 | Create | Fishing Ship |
| 17:05 | Research | Tech 906 |
| 17:13 | Research | Tech 906 |
| 17:37 | Build | Fish Trap |
| 17:41 | Create | Villager (Male) |
| 18:01 | Build | Mining Camp |
| 18:03 | Create | Fishing Ship |
| 18:17 | Build | Dock |
| 18:30 | Age | Castle Age |
| 18:39 | Research | Gillnets |
| 18:41 | Create | Villager (Male) |
| 18:57 | Build | Fish Trap |
| 18:59 | Create | Villager (Male) |
| 19:06 | Create | Fishing Ship |
| 19:11 | Build | House |
| 19:13 | Build | House |
| 19:14 | Build | House |
| 19:18 | Create | Fishing Ship |
| 19:34 | Create | Villager (Male) |
| 19:41 | Build | University |
| 19:43 | Create | Villager (Male) |
| 19:49 | Research | Bow Saw |
| 19:55 | Build | Fish Trap |
| 20:05 | Create | Fishing Ship |
| 20:07 | Create | Fishing Ship |
| 20:10 | Create | Villager (Male) |
| 20:27 | Build | Fish Trap |
| 20:29 | Create | Villager (Male) |
| 20:32 | Build | House |
| 20:55 | Build | Fish Trap |
| 21:02 | Create | Villager (Male) |
| 21:10 | Build | Fish Trap |
| 21:27 | Build | Monastery |
| 21:47 | Create | Villager (Male) |
| 22:21 | Research | Imperial Age |
| 22:21 | Research | Imperial Age |
| 22:21 | Research | Imperial Age |
| 22:22 | Create | Villager (Male) |
| 22:37 | Build | Mining Camp |
| 22:51 | Research | Stone Mining |
| 22:51 | Research | Stone Mining |
| 23:05 | Build | Mining Camp |
| 23:24 | Build | Mining Camp |
| 23:38 | Research | Gold Mining |
| 23:41 | Create | Villager (Male) |
| 23:47 | Build | House |
| 23:49 | Build | House |
| 24:22 | Research | Stone Shaft Mining |
| 24:32 | Build | House |
| 24:33 | Build | House |
| 24:37 | Build | House |
| 24:42 | Create | Villager (Male) |
| 25:03 | Build | House |
| 25:05 | Build | House |
| 25:07 | Build | House |
| 25:09 | Build | House |
| 25:10 | Build | House |
| 25:12 | Build | House |
| 25:15 | Build | House |
| 25:21 | Create | Villager (Male) |
| 25:31 | Age | Imperial Age |
| 25:38 | Build | Feitoria |
| 25:52 | Build | House |
| 25:53 | Build | House |
| 25:54 | Build | House |
Build order — Almighty_Ares
First 150 of 393 actions detected
| 0:00 | Create | Villager (Male) |
| 0:01 | Create | Villager (Male) |
| 0:01 | Create | Villager (Male) |
| 0:03 | Build | House |
| 0:05 | Build | House |
| 0:16 | Create | Villager (Male) |
| 0:16 | Create | Villager (Male) |
| 1:59 | Create | Villager (Male) |
| 1:59 | Create | Villager (Male) |
| 2:09 | Create | Villager (Male) |
| 2:20 | Create | Villager (Male) |
| 2:20 | Create | Villager (Male) |
| 3:13 | Build | Lumber Camp |
| 3:21 | Create | Villager (Male) |
| 3:21 | Create | Villager (Male) |
| 3:26 | Build | House |
| 3:27 | Build | House |
| 4:10 | Create | Villager (Male) |
| 4:10 | Create | Villager (Male) |
| 4:10 | Create | Villager (Male) |
| 4:10 | Create | Villager (Male) |
| 4:22 | Create | Villager (Male) |
| 4:22 | Create | Villager (Male) |
| 4:51 | Create | Villager (Male) |
| 4:51 | Create | Villager (Male) |
| 5:30 | Create | Villager (Male) |
| 5:30 | Create | Villager (Male) |
| 5:30 | Create | Villager (Male) |
| 6:22 | Build | Mill |
| 6:40 | Create | Villager (Male) |
| 8:02 | Research | Feudal Age |
| 8:12 | Build | Mining Camp |
| 8:37 | Create | Villager (Male) |
| 8:41 | Create | Villager (Male) |
| 10:12 | Age | Feudal Age |
| 10:13 | Research | Loom |
| 10:13 | Create | Villager (Male) |
| 10:29 | Build | Market |
| 10:43 | Create | Villager (Male) |
| 10:44 | Create | Villager (Male) |
| 11:10 | Create | Villager (Male) |
| 11:21 | Build | Blacksmith |
| 11:35 | Create | Villager (Male) |
| 11:57 | Build | House |
| 12:12 | Research | Castle Age |
| 12:33 | Build | House |
| 13:52 | Build | Dock |
| 14:02 | Create | Villager (Male) |
| 14:02 | Create | Villager (Male) |
| 14:02 | Create | Villager (Male) |
| 14:12 | Build | Farm |
| 14:26 | Research | Double-Bit Axe |
| 14:52 | Age | Castle Age |
| 15:40 | Build | Town Center |
| 15:46 | Create | Villager (Male) |
| 16:08 | Research | Bow Saw |
| 16:22 | Create | Villager (Male) |
| 16:26 | Create | Villager (Male) |
| 16:52 | Build | Town Center |
| 16:55 | Create | Villager (Male) |
| 17:02 | Build | Farm |
| 17:17 | Create | Demolition Raft |
| 17:24 | Create | Villager (Male) |
| 17:29 | Research | Wheelbarrow |
| 17:31 | Create | Villager (Male) |
| 17:31 | Create | Villager (Male) |
| 17:46 | Build | Farm |
| 17:49 | Build | Farm |
| 17:51 | Build | Farm |
| 17:56 | Build | Farm |
| 17:58 | Create | Villager (Male) |
| 18:08 | Build | Farm |
| 18:13 | Create | Fishing Ship |
| 18:22 | Build | Farm |
| 18:37 | Build | Farm |
| 18:40 | Create | Villager (Male) |
| 18:50 | Build | Farm |
| 18:58 | Build | Farm |
| 19:12 | Build | Farm |
| 19:17 | Build | Farm |
| 19:21 | Research | Horse Collar |
| 19:34 | Build | Farm |
| 19:38 | Create | Villager (Male) |
| 19:46 | Build | Farm |
| 19:52 | Build | Farm |
| 19:59 | Build | Farm |
| 20:04 | Research | Heavy Plow |
| 20:20 | Build | Farm |
| 20:26 | Build | Farm |
| 20:32 | Build | Farm |
| 20:34 | Create | Villager (Male) |
| 20:34 | Create | Villager (Male) |
| 20:42 | Create | Villager (Male) |
| 20:50 | Create | Villager (Male) |
| 20:51 | Create | Villager (Male) |
| 20:59 | Build | Farm |
| 21:02 | Create | Villager (Male) |
| 21:11 | Build | Monastery |
| 21:20 | Create | Villager (Male) |
| 21:20 | Create | Villager (Male) |
| 21:20 | Create | Villager (Male) |
| 21:28 | Build | Farm |
| 21:32 | Build | House |
| 21:33 | Build | House |
| 21:37 | Build | House |
| 21:45 | Build | Farm |
| 21:48 | Create | Villager (Male) |
| 21:52 | Research | Town Watch |
| 21:55 | Create | Villager (Male) |
| 21:59 | Create | Villager (Male) |
| 21:59 | Create | Villager (Male) |
| 22:00 | Create | Villager (Male) |
| 22:00 | Create | Villager (Male) |
| 22:02 | Create | Monk |
| 22:11 | Research | Fervor |
| 22:16 | Create | Villager (Male) |
| 22:25 | Build | Farm |
| 22:36 | Build | Farm |
| 22:39 | Build | Farm |
| 22:52 | Build | Farm |
| 22:58 | Build | House |
| 22:59 | Build | House |
| 23:05 | Build | Farm |
| 23:10 | Create | Villager (Male) |
| 23:13 | Create | Villager (Male) |
| 23:13 | Create | Villager (Male) |
| 23:22 | Build | Farm |
| 23:25 | Build | Farm |
| 23:29 | Create | Monk |
| 23:42 | Build | University |
| 23:52 | Build | Farm |
| 23:54 | Create | Villager (Male) |
| 23:57 | Create | Villager (Male) |
| 23:57 | Create | Villager (Male) |
| 23:59 | Create | Villager (Male) |
| 24:10 | Build | Farm |
| 24:21 | Build | Farm |
| 24:26 | Build | Farm |
| 24:28 | Create | Villager (Male) |
| 24:31 | Create | Villager (Male) |
| 24:50 | Create | Villager (Male) |
| 24:52 | Create | Villager (Male) |
| 24:54 | Create | Villager (Male) |
| 24:58 | Create | Villager (Male) |
| 25:03 | Create | Villager (Male) |
| 25:03 | Create | Villager (Male) |
| 25:07 | Create | Villager (Male) |
| 25:16 | Build | Farm |
| 25:24 | Build | Mill |
| 25:27 | Build | Farm |
Match timeline
| 0:51 | Pala · wall_segment Palisade Wall x6 |
| 0:56 | Pala · wall_segment Palisade Wall x1 |
| 1:36 | Ilon · wall_segment Palisade Wall x8 |
| 1:48 | drejac · wall_segment Palisade Wall x1 |
| 1:50 | drejac · wall_segment Palisade Wall x11 |
| 2:05 | Ilon · wall_segment Palisade Wall x2 |
| 3:13 | drejac · wall_segment Palisade Wall x1 |
| 3:53 | Foski · wall_segment Palisade Wall x10 |
| 4:12 | [MK] Giezzy La Grande · first_building Dock |
| 4:37 | Pala · first_building Dock |
| 5:06 | Foski · first_building Dock |
| 5:41 | Foski · wall_segment Palisade Wall x11 |
| 7:06 | cobanizer · first_building Dock |
| 7:20 | drejac · first_building Dock |
| 7:29 | Foski · wall_segment Palisade Wall x1 |
| 7:32 | Foski · wall_segment Palisade Wall x1 |
| 10:12 | Almighty_Ares · age_up feudal |
| 11:00 | [MK] Giezzy La Grande · age_up feudal |
| 11:06 | cobanizer · age_up feudal |
| 11:48 | Mceffe · age_up feudal |
| 12:57 | Foski · age_up feudal |
| 13:18 | drejac · age_up feudal |
| 13:40 | Pala · age_up feudal |
| 13:43 | Pala · wall_segment Stone Wall x1 |
| 13:45 | Pala · wall_segment Stone Wall x1 |
| 13:46 | Pala · wall_segment Stone Wall x4 |
| 13:46 | Pala · wall_segment Stone Wall x3 |
| 13:50 | Pala · wall_segment Stone Wall x1 |
| 13:52 | Almighty_Ares · first_building Dock |
| 14:08 | Ilon · age_up feudal |
| 14:52 | Almighty_Ares · age_up castle |
| 15:29 | Almighty_Ares · first_market_buy 100 wood |
| 15:43 | Mceffe · age_up castle |
| 15:48 | Pala · first_market_buy 100 food |
| 15:50 | Pala · first_market_sell 100 wood |
| 15:59 | Ilon · first_market_buy 100 food |
| 16:14 | cobanizer · age_up castle |
| 16:15 | drejac · first_market_buy 100 food |
| 16:15 | drejac · first_market_sell 100 wood |
| 16:31 | Mceffe · first_market_buy 100 wood |
| 16:36 | Mceffe · first_building Monastery |
| 16:38 | Foski · age_up castle |
| 17:04 | Ilon · wall_segment Stone Wall x2 |
| 17:06 | Ilon · wall_segment Stone Wall x5 |
| 17:08 | Ilon · wall_segment Stone Wall x6 |
| 17:34 | [MK] Giezzy La Grande · first_building Barracks |
| 17:50 | drejac · wall_segment Stone Wall x11 |
| 18:30 | Pala · age_up castle |
| 18:54 | Ilon · first_market_sell 100 wood |
| 18:54 | [MK] Giezzy La Grande · age_up castle |
| 18:59 | Ilon · age_up castle |
| 19:19 | drejac · age_up castle |
| 19:46 | [MK] Giezzy La Grande · first_building Siege Workshop |
| 19:46 | drejac · wall_segment Stone Wall x9 |
| 20:57 | [MK] Giezzy La Grande · first_building Monastery |
| 21:11 | Almighty_Ares · first_building Monastery |
| 21:27 | Pala · first_building Monastery |
| 23:50 | Foski · first_building Monastery |
| 25:03 | drejac · first_building Castle |
| 25:15 | cobanizer · first_building Siege Workshop |
| 25:20 | Foski · first_building Barracks |
| 25:31 | Pala · age_up imperial |
| 25:33 | Ilon · first_building Monastery |
| 25:52 | Mceffe · first_building Siege Workshop |
| 26:03 | Ilon · first_building Castle |
| 26:08 | Almighty_Ares · first_market_sell 100 food |
| 26:19 | Foski · first_market_sell 100 wood |
| 26:20 | [MK] Giezzy La Grande · age_up imperial |
| 26:47 | Almighty_Ares · first_building Barracks |
| 27:23 | [MK] Giezzy La Grande · first_building Archery Range |
| 27:31 | Mceffe · first_building Castle |
| 27:45 | Foski · first_building Castle |
| 27:55 | cobanizer · first_building Castle |
| 28:16 | Almighty_Ares · first_building Archery Range |
| 28:27 | Almighty_Ares · first_building Stable |
| 28:29 | Mceffe · first_building Barracks |
| 28:29 | drejac · first_building Barracks |
| 29:10 | cobanizer · first_market_sell 500 wood |
| 29:20 | Almighty_Ares · age_up imperial |
| 29:23 | Mceffe · first_building Archery Range |
| 29:26 | Foski · first_building Siege Workshop |
| 29:30 | Mceffe · first_building Stable |
| 29:43 | drejac · first_building Archery Range |
| 29:59 | drejac · first_building Stable |
| 30:30 | Mceffe · age_up imperial |
| 30:43 | Foski · age_up imperial |
| 30:48 | cobanizer · age_up imperial |
| 30:55 | Ilon · first_building Barracks |
| 30:59 | Almighty_Ares · wall_segment Stone Wall x9 |
| 31:24 | cobanizer · tribute_sent a jugador 1 |
| 31:24 | cobanizer · tribute_sent a jugador 2 |
| 31:24 | cobanizer · tribute_sent a jugador 4 |
| 31:24 | cobanizer · tribute_sent a jugador 5 |
| 31:24 | cobanizer · tribute_sent a jugador 6 |
| 31:24 | cobanizer · tribute_sent a jugador 7 |
| 31:24 | cobanizer · tribute_sent a jugador 8 |
| 31:40 | Ilon · first_building Siege Workshop |
| 31:46 | Ilon · first_building Archery Range |
| 32:08 | Ilon · age_up imperial |
| 32:23 | [MK] Giezzy La Grande · first_building Castle |
| 32:38 | Pala · first_building Siege Workshop |
| 32:47 | drejac · age_up imperial |
| 33:58 | Almighty_Ares · first_building Castle |
| 34:03 | Pala · first_building Castle |
| 34:06 | Almighty_Ares · wall_segment Stone Wall x11 |
| 34:42 | drejac · first_building Siege Workshop |
| 35:20 | Foski · first_market_buy 100 food |
| 35:35 | Almighty_Ares · first_building Siege Workshop |
| 36:19 | cobanizer · tribute_sent a jugador 1 |
| 36:19 | cobanizer · tribute_sent a jugador 2 |
| 36:19 | cobanizer · tribute_sent a jugador 4 |
| 36:19 | cobanizer · tribute_sent a jugador 5 |
| 36:19 | cobanizer · tribute_sent a jugador 6 |
| 36:19 | cobanizer · tribute_sent a jugador 7 |
| 36:19 | cobanizer · tribute_sent a jugador 8 |
| 42:37 | Foski · wall_segment Stone Wall x6 |
| 43:36 | Pala · tribute_sent a jugador 1 |
| 43:36 | Pala · tribute_sent a jugador 2 |
| 43:36 | Pala · tribute_sent a jugador 3 |
| 43:36 | Pala · tribute_sent a jugador 4 |
| 43:36 | Pala · tribute_sent a jugador 5 |
| 43:36 | Pala · tribute_sent a jugador 6 |
| 43:36 | Pala · tribute_sent a jugador 8 |
| 47:15 | Foski · wall_segment Stone Wall x10 |
| 47:30 | [MK] Giezzy La Grande · wall_segment Stone Wall x13 |
| 47:34 | [MK] Giezzy La Grande · wall_segment Stone Wall x10 |
| 48:00 | Foski · wall_segment Stone Wall x1 |
| 48:05 | Foski · wall_segment Stone Wall x2 |
| 48:15 | Foski · wall_segment Stone Wall x3 |
| 49:13 | cobanizer · tribute_sent a jugador 1 |
| 49:13 | cobanizer · tribute_sent a jugador 2 |
| 49:13 | cobanizer · tribute_sent a jugador 4 |
| 49:13 | cobanizer · tribute_sent a jugador 5 |
| 49:13 | cobanizer · tribute_sent a jugador 6 |
| 49:13 | cobanizer · tribute_sent a jugador 7 |
| 49:13 | cobanizer · tribute_sent a jugador 8 |
| 49:14 | Mceffe · first_market_sell 500 stone |
| 49:33 | Pala · resign |
| 49:57 | Ilon · first_building Stable |
[ AI ANALYSIS · 1 CREDIT ]
What really happened in this match?
Wolo.gg analyzes every decision: build order, eco, micro, common mistakes by bracket. Personalized analysis on WhatsApp or Discord in 30 seconds.
Civ guide
Bohemians
Map guide
Black Forest
Perfil
[MK] Giezzy La Grande